 Dungeon Crawl Stone Soup version 0.13.1-2-gfb2c2b7 (webtiles) character file.

1725 Lilouch the Fighter (level 8, 0/63 HPs)
             Began as a Demonspawn Chaos Knight on Dec 11, 2013.
             Was a Plaything of Xom.
             Slain by a killer bee (1 damage)
             ... on Level 6 of the Dungeon.
             The game lasted 00:16:49 (6636 turns).

Lilouch the Fighter (Demonspawn Chaos Knight)       Turns: 6636, Time: 00:16:49

HP   0/63        AC 11     Str 11      XL: 8   Next: 47%
MP   0/8         EV 10     Int 19      God: Xom
Gold 268         SH  0     Dex 12      Spells:  0 memorised,  7 levels left

Res.Fire  : . . .   See Invis. : .   t - +0,+1 trident (protect)
Res.Cold  : . . .   Warding    : .   b - +2 leather armour
Life Prot.: . . .   Conserve   : .   (no shield)
Res.Poison: .       Res.Corr.  : .   (no helmet)
Res.Elec. : .       Clarity    : .   (no cloak)
Sust.Abil.: + .     Spirit.Shd : +   A - +0 pair of orc gloves
Res.Mut.  : .       Stasis     : .   (no boots)
Res.Rott. : .       Flight     : .   H - amulet of guardian spirit
Saprovore : + . .                    h - ring of sustain abilities {unknown}
                                     F - ring of flight

@: invisible, brilliant, mildly poisoned, very slightly contaminated, hasted,
quick, slightly resistant to hostile enchantments, very unstealthy
A: hooves 2, deformed body, powered by pain 1, saprovore 1, slowness 1, AC +1,
Str -4
a: Renounce Religion, Evoke Flight


You were on level 6 of the Dungeon.
You worshipped Xom.
You were a plaything of Xom.
You were not hungry.

You visited 1 branch of the dungeon, and saw 6 of its levels.

You collected 248 gold pieces.

Inventory:

Hand weapons
 a - a +0,+0 spear of chaos {=f}
 g - a +0,+0 spear (quivered)
 p - a +0,+0 spear
 t - a +0,+1 trident of protection (weapon)
 v - a +1,+1 spear
Armour
 b - a +2 leather armour (worn)
 y - a +0 plate armour
 A - a +0 pair of orcish gloves (worn)
Comestibles
 c - 5 bread rations
 k - 3 meat rations
 l - 2 pears
 m - a choko
 K - a chunk of worm flesh
Scrolls
 f - a scroll of curse jewellery {unknown}
 i - 2 scrolls of identify {unknown}
 q - 4 scrolls of random uselessness {unknown}
 r - 2 scrolls of remove curse {unknown}
 s - 2 scrolls of enchant weapon II {unknown}
 u - 3 scrolls of noise {unknown}
 w - a scroll of curse weapon {unknown}
 D - 4 scrolls of curse armour {unknown}
 G - a scroll of amnesia {unknown}
 J - a scroll of magic mapping {unknown}
Jewellery
 h - a ring of sustain abilities (right hand) {unknown}
 F - a ring of flight (left hand)
 H - an amulet of guardian spirit (around neck)
Potions
 d - a potion of magic
 e - a potion of confusion {unknown}
 j - a potion of heal wounds {unknown}
 o - a potion of blood
 x - a potion of brilliance
 z - a potion of flight {unknown}
 B - a potion of speed
 E - 2 potions of agility
 I - a potion of porridge {unknown}


   Skills:
 * Level 8.0 Fighting
 + Level 5.5 Polearms
 + Level 5.2 Armour
 - Level 0.8 Dodging


You had 7 spell levels left.
You didn't know any spells.

Dungeon Overview and Level Annotations

Branches:
Dungeon (6/27)
 Temple: D:4-7          Orc: D:6-11

Altars:
Ashenzari
Fedhas
Sif Muna

Annotations:
D:4 Sigmund


Innate Abilities, Weirdness & Mutations

You have hoof-like feet.
You are partially covered in icy blue scales (AC +1).
You sometimes gain a little power by taking damage.
You can tolerate rotten meat.
Armour fits poorly on your strangely shaped body.
You cover ground slowly.
You are very weak. (Str -4)


Message History

* * * LOW HITPOINT WARNING * * *
The killer bee stings you.
* * * LOW HITPOINT WARNING * * *
You puncture the killer bee!
You kill the killer bee!
Your Fighting skill increases to level 8!
* * * LOW HITPOINT WARNING * * *
You feel sick.
The killer bee stings you but does no damage.
Drink which item? (? for menu, Esc to quit)
You feel more clever all of a sudden.
It was a potion of brilliance.
The killer bee stings you.
* * * LOW HITPOINT WARNING * * *
Drink which item? (? for menu, Esc to quit)
You fade into invisibility!
It was a potion of invisibility.
* * * LOW HITPOINT WARNING * * *
You feel sick. The killer bee stings you.
You die... "I guess I need a new plaything now."

#.# ###########.##
#............#
#.########...#########
#.# #............. #.#
##.....####### #.#
##..#.# #.# #....# #.#
#@#### #.# #k# #.# ...
#.# ..... ##.##
....$..
#####...####.........
..)........+..$......+
####....####.........
.........# ...


You could see a killer bee.

Vanquished Creatures
  An ice beast (D:6)
  2 ogres
  2 centaurs (D:5)
  A giant frog (D:3)
  4 killer bees (D:6)
  The ghost of Lilouch the Skirmisher, a weakling DsCK of Xom (D:3)
  4 crimson imps
  A yellow wasp zombie (D:6)
  A hound (D:6)
  A gnoll shaman (D:3)
  2 orc priests
  4 orc wizards
  2 worker ants
  7 adders
  7 gnolls (D:3)
  A lemure (D:4)
  3 giant mites
  A shadow imp (D:4)
  3 worms
  7 giant geckos
  3 oozes
  22 orcs
  A ball python (D:3)
  A bat zombie (D:5)
  14 goblins
  10 hobgoblins
  3 jackals (D:5)
  2 quokkas
  8 bats
  8 giant cockroaches
  4 giant newts
  7 kobolds
  An orc zombie (D:5)
  14 rats
  A rat skeleton (D:6)
154 creatures vanquished.

Notes
Turn   | Place    | Note
--------------------------------------------------------------
     0 | D:1      | Lilouch, the Demonspawn Chaos Knight, began the quest for the Orb.
     0 | D:1      | Reached XP level 1. HP: 16/16 MP: 1/1
   142 | D:1      | Gained mutation: You have large cloven feet. [demonic ancestry]
   142 | D:1      | Reached XP level 2. HP: 9/22 MP: 2/2
   351 | D:1      | XOM: divination: detect creatures
   447 | D:1      | XOM: potion effect (heal wounds)
   454 | D:1      | XOM: harmless Fire miscast
   457 | D:1      | XOM: divination: detect creatures
   533 | D:1      | XOM: noise
   777 | D:2      | XOM: harmless Summ miscast
   790 | D:2      | XOM: mild Hex miscast
   811 | D:2      | Gained mutation: You can tolerate rotten meat. [demonic ancestry]
   811 | D:2      | Reached XP level 3. HP: 28/28 MP: 3/3
   925 | D:2      | XOM: harmless Tloc miscast
  1071 | D:2      | XOM: give mutations
  1071 | D:2      | Gained mutation: You are weak. (Str -2) [Xom's mischief]
  1071 | D:2      | Gained mutation: You are very weak. (Str -4) [Xom's mischief]
  1071 | D:2      | Gained mutation: You cover ground slowly. [Xom's mischief]
  1279 | D:2      | Gained mutation: You have hoof-like feet. [demonic ancestry]
  1279 | D:2      | Reached XP level 4. HP: 32/34 MP: 4/4
  1479 | D:2      | Reached skill level 4 in Fighting
  1585 | D:3      | Noticed a giant frog
  1596 | D:3      | Killed a giant frog
  1596 | D:3      | Gained mutation: You are partially covered in icy blue scales (AC +1). [demonic ancestry]
  1596 | D:3      | Reached XP level 5. HP: 21/40 MP: 5/5
  1601 | D:3      | XOM: 2-stop teleportation journey
  1679 | D:3      | Noticed Lilouch's ghost (weakling DsCK)
  1683 | D:3      | XOM: harmless Fire miscast
  1693 | D:3      | XOM: cast spell 'Metabolic Englaciation'
  1697 | D:3      | Killed Lilouch's ghost
  1746 | D:3      | HP: 2/40 [poisoned by Lilouch's ghost]
  1965 | D:3      | XOM: potion effect (brilliance)
  1984 | D:3      | HP: 2/41 [orc/orcish flail (2)]
  2179 | D:2      | XOM: silly message
  2296 | D:3      | Reached skill level 5 in Fighting
  2490 | D:3      | XOM: potion effect (heal wounds)
  2502 | D:3      | Gained mutation: You sometimes gain a little power by taking damage. [demonic ancestry]
  2502 | D:3      | Reached XP level 6. HP: 14/47 MP: 6/6
  2523 | D:3      | HP: 1/47 [gnoll/orcish hand axe (4)]
  3083 | D:3      | XOM: harmless Pois miscast
  3505 | D:3      | Found a deep blue altar of Sif Muna.
  3593 | D:4      | XOM: summons 3 hostile demons
  3713 | D:4      | XOM: 2-stop teleportation journey
  3965 | D:4      | Reached XP level 7. HP: 23/54 MP: 7/7
  4355 | D:4      | XOM: give mutations
  4355 | D:4      | Gained mutation: Your vision is a little blurry. [Xom's mischief]
  4355 | D:4      | Lost mutation: Your vision is a little blurry. [Xom's mischief]
  4355 | D:4      | Gained mutation: Armour fits poorly on your strangely shaped body. [Xom's mischief]
  4444 | D:4      | Noticed Sigmund
  4464 | D:5      | Entered Level 5 of the Dungeon
  4467 | D:5      | Reached skill level 6 in Fighting
  4732 | D:5      | XOM: summons friendly lemure
  4986 | D:5      | XOM: swap monsters
  5419 | D:5      | XOM: inner flame monster(s)
  5629 | D:5      | Reached skill level 5 in Polearms
  5684 | D:5      | Reached skill level 7 in Fighting
  5684 | D:5      | Reached XP level 8. HP: 40/62 MP: 4/8
  5885 | D:5      | Found a shattered altar of Ashenzari.
  5886 | D:5      | Found a blossoming altar of Fedhas.
  6134 | D:5      | XOM: vitrification
  6585 | D:6      | Reached skill level 5 in Armour
  6604 | D:6      | XOM: enchant monster (bad)
  6634 | D:6      | Reached skill level 8 in Fighting
  6634 | D:6      | HP: 3/63 [poisoned by a killer bee]
  6636 | D:6      | HP: 1/63 [poisoned by a killer bee]
  6636 | D:6      | Slain by a killer bee

Action                   |  1- 3 |  4- 6 |  7- 9 || total
-------------------------+-------+-------+-------++-------
Melee: Spear             |   103 |       |       ||   103
       Trident           |    20 |   263 |   252 ||   535
  Use: Scroll            |       |     1 |       ||     1
       Potion            |       |     5 |     5 ||    10
